 Dungeon Crawl Stone Soup version 0.31-a0-971-g75a2e9a4b4 (webtiles) character file.

Game seed: 7657251537127448881

11771 Arzdou the Cleaver (level 11, -8/89 HPs)
             Began as a Gnoll Cinder Acolyte on Oct 28, 2023.
             Was a Believer of Ignis.
             Killed from afar by a frost giant (16 damage)
             ... with a bolt of cold
             ... in an ice cave.
             The game lasted 00:26:58 (11825 turns).

Arzdou the Cleaver (Gnoll Cinder Acolyte)          Turns: 11825, Time: 00:27:00

Health: -8/89      AC: 20    Str: 16    XL:     11   Next: 82%
Magic:  22/22      EV: 13    Int: 15    God:    Ignis [**....]
Gold:   196        SH:  0    Dex:  8    Spells: 20/24 levels left

rFire   . . .        a - +3 broad axe (flame)
rCold   + . .        (no shield)
rNeg    . . .        e - +2 robe {rC+ rF+}
rPois   +            w - +1 helmet
rElec   .            m - +2 cloak
rCorr   .            c - +1 pair of gloves
SInv    .            B - +0 pair of boots
Will    +....        l - amulet of magic regeneration
Stlth   +++          (no ring)
HPRegen 0.34/turn    (no ring)
MPRegen 0.58/turn

%: no passive effects
@: fiery-armoured, enlightened, flying, hasted, very quick
A: fangs 1, strong nose, distributed training, poison resistance, heat
vulnerability 2
a: Renounce Religion, Fiery Armour, Foxfire Swarm


You were in an ice cave.
You worshipped Ignis.
Ignis was pleased with you.
You visited 2 branches of the dungeon, and saw 12 of its levels.
You also visited: Ice Cave.

You collected 508 gold pieces.
You spent 312 gold pieces at shops.

Inventory:

Hand Weapons
 a - a +3 broad axe of flaming (weapon)
 b - a +0 sling of flaming
 g - a -1 hand axe of flaming
Missiles
 d - 14 curare-tipped darts
Armour
 c - a +1 pair of gloves (worn)
 e - a +2 robe of resistance (worn)
 m - a +2 cloak (worn)
 v - a +0 robe
 w - a +1 helmet (worn)
 B - a +0 pair of boots (worn)
 G - a scarf of repulsion
Jewellery
 l - an amulet of magic regeneration (around neck)
 A - a ring of willpower
Wands
 q - a wand of flame (58)
 t - a wand of paralysis (12)
 y - a wand of mindburst (9)
 E - a wand of digging (2)
Scrolls
 i - a scroll of immolation
 o - 2 scrolls of revelation
 u - a scroll of teleportation
 x - a scroll of vulnerability
 F - a scroll of blinking
Potions
 f - a potion of curing
 h - a potion of cancellation {unknown}
 k - 2 potions of resistance {unknown}
 n - 3 potions of attraction
 p - 2 potions of degeneration {unknown}
 r - 2 potions of haste
 s - a potion of invisibility {unknown}
 z - a potion of enlightenment
 C - a potion of lignification {unknown}
 D - a potion of magic {unknown}


   Skills:
 + Level 9.5 Fighting
 + Level 6.8 Short Blades
 + Level 6.8 Long Blades
 + Level 9.5 Axes
 + Level 6.8 Maces & Flails
 + Level 6.8 Polearms
 + Level 6.8 Staves
 + Level 6.8 Ranged Weapons
 + Level 6.8 Throwing
 + Level 6.8 Armour
 + Level 6.8 Dodging
 + Level 6.8 Stealth
 + Level 6.8 Shields
 + Level 6.8 Unarmed Combat
 + Level 7.4 Spellcasting
 + Level 5.6 Conjurations
 + Level 5.6 Hexes
 + Level 5.6 Summonings
 + Level 5.6 Necromancy
 + Level 5.6 Translocations
 + Level 5.6 Transmutations
 + Level 7.9 Fire Magic
 + Level 5.6 Ice Magic
 + Level 5.6 Air Magic
 + Level 5.6 Earth Magic
 + Level 5.6 Poison Magic
 + Level 7.4 Invocations
 + Level 6.8 Evocations
 + Level 6.2 Shapeshifting


You had 20 spell levels left.
You knew the following spells:

 Your Spells              Type           Power      Damage    Failure   Level
a - Scorch                Fire           58%        2d7       1%          2
b - Blink                 Tloc           44%        N/A       1%          2

Your spell library contained the following spells:

 Spells                   Type           Power      Damage    Failure   Level
 Freeze                   Ice            88%        1d9       1%          1
 Kiss of Death            Conj/Necr      88%        2d12      1%          1
 Magic Dart               Conj           88%        1d7       1%          1
 Necrotise                Necr           88%        1d8       1%          1
 Poisonous Vapours        Pois/Air       44%        N/A       1%          2
 Searing Ray              Conj           44%        2d6       1%          2
 Sublimation of Blood     Necr           22%        N/A       1%          2
 Volatile Blastmotes      Fire/Tloc      50%        2d14      2%          3
 Confusing Touch          Hex            22%        N/A       3%          3
 Frozen Ramparts          Ice            44%        1d7       3%          3
 Hailstorm                Conj/Ice       22%        3d7       3%          3
 Mephitic Cloud           Conj/Pois/Air  22%        N/A       3%          3
 Stone Arrow              Conj/Erth      44%        3d9       3%          3
 Tukima's Dance           Hex            22%        N/A       3%          3
 Vampiric Draining        Necr           22%        2d7       3%          3
 Animate Armour           Summ/Erth      44%        N/A       13%         4
 Dispel Undead            Necr           22%        3d12      13%         4
 Fulminant Prism          Conj/Hex       11%        3d9       13%         4
 Iskenderun's Mystic Bla  Conj/Tloc      22%        2d6       13%         4
 Manifold Assault         Tloc           22%        N/A       13%         4
 Passage of Golubria      Tloc           22%        N/A       13%         4
 Petrify                  Tmut/Erth      22%        N/A       13%         4
 Agony                    Necr           22%        N/A       34%         5
 Freezing Cloud           Conj/Ice/Air   11%        6-21      34%         5
 Irradiate                Conj/Tmut      11%        3d15      34%         5
 Iskenderun's Battlesphe  Conj           22%        2d8       34%         5
 Yara's Violent Unravell  Hex/Tmut       11%        3d6       34%         5
 Bombard                  Conj/Erth      11%        9d3       89%         6
 Spellforged Servitor     Conj/Summ      11%        N/A       100%        7
 Lehudib's Crystal Spear  Conj/Erth      11%        10d4      100%        8


Dungeon Overview and Level Annotations

Branches:
Dungeon (11/15)            Temple (1/1) D:6            Lair (0/5) D:9
  IceCv (1/1)
    Orc: D:9-12

Altars:
Ashenzari
Cheibriados
Dithmenos
Elyvilon
Fedhas
Gozag
Hepliaklqana
Kikubaaqudgha
Makhleb
Nemelex Xobeh
Okawaru
Qazlal
Ru
Sif Muna
Trog
Uskayaw
Vehumet
Wu Jian
Xom
Yredelemnul
Zin
The Shining One

Shops:
D:4 (   D:9 ?

Annotations:
D:4 1 runed translucent door, Crazy Yiuf
D:7 1 transporter, Nebesus's ghost, novice NaVM
D:10 4 transporters IceCv exclusion: ice statue


Innate Abilities, Weirdness & Mutations

You have very sharp teeth.
Your uncanny sense of smell can sniff out nearby items.
Your experience applies equally to all skills.
Your system is resistant to poisons. (rPois)
You are very vulnerable to heat. (rF--)


Message History

The frost giant hits you with a +0 battleaxe of freezing!
You barely miss the frost giant.
The frost giant is lightly wounded.
The frost giant hits you with a +0 battleaxe of freezing!!
* * * LOW HITPOINT WARNING * * *
The frost giant freezes you.
* * * LOW HITPOINT WARNING * * *
Activating: Foxfire Swarm
Press: ? - help, Dir - look around, f - activate Flames leap up around you!
The foxfire hits the frost giant but does no damage.
The frost giant is lightly wounded.
Your foxfire dissipates!
The foxfire hits the frost giant but does no damage.
The frost giant is lightly wounded.
The foxfire hits the frost giant but does no damage.
The frost giant is lightly wounded.
The foxfire hits the frost giant but does no damage.
The frost giant is lightly wounded.
The foxfire hits the frost giant but does no damage.
The frost giant is lightly wounded.
Unknown command.
The foxfire hits the frost giant but does no damage.
The frost giant is lightly wounded.
The foxfire hits the frost giant but does no damage.
The frost giant is lightly wounded.
The foxfire hits the frost giant.
The frost giant is lightly wounded.
The foxfire hits the frost giant but does no damage.
The frost giant is lightly wounded.
The foxfire hits the frost giant.
The frost giant is lightly wounded.
Unknown command.
The foxfire hits the frost giant.
The frost giant is lightly wounded.
The foxfire hits the frost giant but does no damage.
The frost giant is lightly wounded.
The frost giant casts a spell at you. The bolt of cold hits you! You resist.
You die...

##..##..#..###
#.##..###...# #....##
###.. ##..## ##. ####
## #. ##. ### ##.#
#####@### ########...
#§§#§#..####....#..#.#
#v§§§.#...#..#.#..#.##
#≈○§§###.#..###..####
#C#§§# ##..## ####
.....YY##§## ####
......k #≈# ..###..
### ∆##.


You could see a frost giant, 2 yaks and a rime drake.

Vanquished Creatures
  2 two-headed ogres (D:9)
  2 death yaks (IceCv)
  Pikel (D:3)
  5 rime drakes
  4 polar bears (IceCv)
  A wraith (D:9)
  A vampire (D:8)
  A wyvern (D:9)
  9 yaks
  2 steam dragons
  3 wargs
  An acid dragon (D:10)
  2 water moccasins
  3 orc warriors
  2 sky beasts
  2 ogres
  2 black bears
  4 wolves (IceCv)
  2 centaurs (D:9)
  A lemure (D:3)
  2 phantoms (D:4)
  3 bullfrogs
  4 scorpions
  A gnoll sergeant (D:5)
  12 wights
  16 killer bees
  4 hounds
  A gnoll bouda (D:6)
  7 orc priests
  An iguana (D:6)
  2 jellies
  A sleepcap (D:6)
  4 orc wizards
  Robin (D:4)
  11 adders
  12 gnolls
  A shadow imp (D:6)
  4 white imps
  A worm (D:2)
  The ghost of Azuregosa the Sneak, a weakling OpDe (D:5)
  A dart slug (D:5)
  49 orcs
  2 bats
  7 endoplasms
  2 giant cockroaches
  10 hobgoblins
  8 jackals
  A quokka (D:2)
  15 ball pythons
  3 frilled lizards
  16 goblins
  7 kobolds
  A rat (D:2)
261 creatures vanquished.

Vanquished Creatures (others)
  28 foxfires
28 creatures vanquished.

Grand Total: 289 creatures vanquished

Notes
Turn   | Place    | Note
-------+----------+-------------------------------------------
     0 | D:1      | Arzdou the Gnoll Cinder Acolyte began the quest for the
                  | Orb.
     0 | D:1      | Reached XP level 1. HP: 23/23 MP: 4/4
   132 | D:1      | Found a faded altar of an unknown god.
   270 | D:1      | Reached XP level 2. HP: 28/29 MP: 5/5
   374 | D:1      | Learned a level 2 spell: Scorch
   812 | D:2      | Reached XP level 3. HP: 35/35 MP: 1/7
   900 | D:2      | Reached skill level 1 in Invocations
   916 | D:2      | Reached skill level 1 in Short Blades
   916 | D:2      | Reached skill level 1 in Long Blades
   916 | D:2      | Reached skill level 1 in Maces & Flails
   916 | D:2      | Reached skill level 1 in Polearms
   916 | D:2      | Reached skill level 1 in Staves
   916 | D:2      | Reached skill level 1 in Ranged Weapons
   916 | D:2      | Reached skill level 1 in Throwing
   916 | D:2      | Reached skill level 1 in Armour
   916 | D:2      | Reached skill level 1 in Dodging
   916 | D:2      | Reached skill level 1 in Stealth
   916 | D:2      | Reached skill level 1 in Shields
   916 | D:2      | Reached skill level 1 in Unarmed Combat
   916 | D:2      | Reached skill level 1 in Evocations
   919 | D:2      | Reached XP level 4. HP: 17/41 MP: 0/8
  1030 | D:2      | Reached skill level 1 in Shapeshifting
  1475 | D:3      | Reached skill level 1 in Conjurations
  1475 | D:3      | Reached skill level 1 in Hexes
  1475 | D:3      | Reached skill level 1 in Summonings
  1475 | D:3      | Reached skill level 1 in Necromancy
  1475 | D:3      | Reached skill level 1 in Translocations
  1475 | D:3      | Reached skill level 1 in Transmutations
  1475 | D:3      | Reached skill level 1 in Ice Magic
  1475 | D:3      | Reached skill level 1 in Air Magic
  1475 | D:3      | Reached skill level 1 in Earth Magic
  1475 | D:3      | Reached skill level 1 in Poison Magic
  1894 | D:3      | Reached XP level 5. HP: 47/47 MP: 6/9
  2056 | D:4      | Noticed a phantom
  2213 | D:4      | Noticed a black bear
  2229 | D:4      | Killed a black bear
  2230 | D:4      | Reached XP level 6. HP: 39/53 MP: 2/11
  2400 | D:4      | Found a runed translucent door.
  2401 | D:4      | Noticed Crazy Yiuf
  2502 | D:4      | Found Fot Boyc's Weapon Shoppe.
  2525 | D:4      | Noticed Robin
  2664 | D:4      | Killed Robin
  2683 | D:4      | Noticed Pikel
  2780 | D:3      | Killed Pikel
  2781 | D:3      | Reached XP level 7. HP: 32/60 MP: 10/13
  2781 | D:3      | Reached XP level 8. HP: 35/67 MP: 10/14
  3307 | D:5      | Entered Level 5 of the Dungeon
  3316 | D:5      | Found a sacrificial altar of Ru.
  3320 | D:5      | Found a shimmering altar of Xom.
  3321 | D:5      | Found an ornate altar of the Wu Jian Council.
  3322 | D:5      | Found a shadowy altar of Dithmenos.
  3424 | D:5      | Learned a level 2 spell: Blink
  3429 | D:5      | Found a runed translucent door.
  3432 | D:5      | Noticed Azuregosa's ghost (weakling OpDe)
  3445 | D:5      | Killed Azuregosa's ghost
  3531 | D:4      | Bought a +0 broad axe for 40 gold pieces
  4571 | D:6      | Found a staircase to the Ecumenical Temple.
  4784 | D:6      | Reached XP level 9. HP: 57/73 MP: 4/16
  5133 | D:6      | Reached skill level 5 in Spellcasting
  5687 | Temple   | Entered the Ecumenical Temple
  5944 | D:7      | Reached skill level 5 in Invocations
  6155 | D:7      | Found a transporter.
  6176 | D:7      | Noticed Nebesus's ghost (novice NaVM)
  6753 | D:7      | Reached XP level 10. HP: 72/80 MP: 11/18
  6874 | D:8      | Found a sparkling altar of Nemelex Xobeh.
  6894 | D:8      | Reached skill level 5 in Short Blades
  6894 | D:8      | Reached skill level 5 in Long Blades
  6894 | D:8      | Reached skill level 5 in Maces & Flails
  6894 | D:8      | Reached skill level 5 in Polearms
  6894 | D:8      | Reached skill level 5 in Staves
  6894 | D:8      | Reached skill level 5 in Ranged Weapons
  6894 | D:8      | Reached skill level 5 in Throwing
  6894 | D:8      | Reached skill level 5 in Armour
  6894 | D:8      | Reached skill level 5 in Dodging
  6894 | D:8      | Reached skill level 5 in Stealth
  6894 | D:8      | Reached skill level 5 in Shields
  6894 | D:8      | Reached skill level 5 in Unarmed Combat
  6894 | D:8      | Reached skill level 5 in Evocations
  8031 | D:9      | Found a staircase to the Lair.
  8091 | D:9      | Reached skill level 5 in Shapeshifting
  8397 | D:9      | Found Losy's Magic Scroll Emporium.
  8403 | D:9      | Bought a scroll of brand weapon for 152 gold pieces
  8403 | D:9      | Bought a scroll of blinking for 120 gold pieces
  8439 | D:9      | Noticed a two-headed ogre
  8825 | D:9      | Noticed a two-headed ogre
  9302 | D:9      | Killed a two-headed ogre
  9303 | D:9      | Reached XP level 11. HP: 87/87 MP: 20/20
  9348 | D:9      | Killed a two-headed ogre
  9349 | D:9      | Reached skill level 5 in Conjurations
  9349 | D:9      | Reached skill level 5 in Hexes
  9349 | D:9      | Reached skill level 5 in Summonings
  9349 | D:9      | Reached skill level 5 in Necromancy
  9349 | D:9      | Reached skill level 5 in Translocations
  9349 | D:9      | Reached skill level 5 in Transmutations
  9349 | D:9      | Reached skill level 5 in Ice Magic
  9349 | D:9      | Reached skill level 5 in Air Magic
  9349 | D:9      | Reached skill level 5 in Earth Magic
  9349 | D:9      | Reached skill level 5 in Poison Magic
  9727 | D:9      | Found Losy's Magic Scroll Emporium.
  9838 | D:9      | Found a staircase to the Lair.
 10287 | D:10     | Entered Level 10 of the Dungeon
 10319 | D:10     | Found a transporter.
 10319 | D:10     | Found a transporter.
 10319 | D:10     | Found a transporter.
 10589 | D:10     | Found a transporter.
 10783 | D:11     | Found a frozen archway.
 10800 | IceCv    | Entered an ice cave
 10812 | IceCv    | Gained mutation: You have hidden genetic defects. [potion
                  | of mutation]
 10819 | IceCv    | Lost mutation: You have hidden genetic defects. [potion of
                  | mutation]
 10819 | IceCv    | Gained mutation: Your system is resistant to poisons.
                  | (rPois) [potion of mutation]
 10819 | IceCv    | Gained mutation: You are vulnerable to heat. (rF-) [potion
                  | of mutation]
 10819 | IceCv    | Gained mutation: You are very vulnerable to heat. (rF--)
                  | [potion of mutation]
 10999 | IceCv    | HP: 3/89 [rime drake (3)]
 11306 | IceCv    | Noticed a death yak
 11317 | IceCv    | Killed a death yak
 11790 | IceCv    | Noticed a death yak
 11790 | IceCv    | Noticed a frost giant
 11811 | IceCv    | Killed a death yak
 11825 | IceCv    | Killed from afar by a frost giant

Illustrated notes

Levels and vault maps discovered:
D:1:      spicycebolla_arrival_risky_transporter, layout_loops_ring,
          ebering_ecumenical_altar_webs, serial_bayou_pond_d
D:2:      layout_rooms, minmay_small_reverse_x
D:3:      layout_loops_ring
D:4:      layout_cave_pools, serial_shops, shop, chequers_serial_rivers_small_3,
          uniq_robin, uniq_crazy_yiuf_cottage, uniq_pikel
D:5:      layout_rooms, grunt_temple_overflow_open,
          hellmonk_ghost_happy_afterlife, chequers_serial_rivers_small_3,
          feat_on_display
D:6:      layout_gridville, minmay_temple_entry_waves
D:7:      layout_loops_cross, gammafunk_ghost_hive, nicolae_lava_and_water
D:8:      layout_basic, mainiacjoe_overflow_24_doors
D:9:      layout_long_grid, erik_lair_orcish_takeover, special_room
          [special_room_orc], minmay_crystal_water, nicolae_stop_n_shop_1
D:10:     gammafunk_cloud_chamber, layout_basic, minmay_orc_entry_temple_small,
          minivault_21, nicolae_diode_quadrants
D:11:     layout_roguey, portal_ice_cave_rime, uniq_nergalle
Temple:   sentei_temple_godly_chess
IceCv:    ice_cave_small_giant

Skill      XL: |  1  2  3  4  5  6  7  8  9 10 11 |
---------------+----------------------------------+-----
Invocations    | 1 2 3 4 5 6 7 |  7.4
Short Blades   | 1 3 4 5 6 |  6.8
Long Blades    | 1 3 4 5 6 |  6.8
Maces & Flails | 1 3 4 5 6 |  6.8
Polearms       | 1 3 4 5 6 |  6.8
Staves         | 1 3 4 5 6 |  6.8
Ranged Weapons | 1 3 4 5 6 |  6.8
Throwing       | 1 3 4 5 6 |  6.8
Armour         | 1 3 4 5 6 |  6.8
Dodging        | 1 3 4 5 6 |  6.8
Stealth        | 1 3 4 5 6 |  6.8
Shields        | 1 3 4 5 6 |  6.8
Unarmed Combat | 1 3 4 5 6 |  6.8
Evocations     | 1 3 4 5 6 |  6.8
Shapeshifting  | 1 2 3 4 5 6 |  6.2
Spellcasting   | 3 4 5 6 7 |  7.4
Conjurations   | 1 2 3 4 5 |  5.6
Hexes          | 1 2 3 4 5 |  5.6
Summonings     | 1 2 3 4 5 |  5.6
Necromancy     | 1 2 3 4 5 |  5.6
Translocations | 1 2 3 4 5 |  5.6
Transmutations | 1 2 3 4 5 |  5.6
Ice Magic      | 1 2 3 4 5 |  5.6
Air Magic      | 1 2 3 4 5 |  5.6
Earth Magic    | 1 2 3 4 5 |  5.6
Poison Magic   | 1 2 3 4 5 |  5.6
Fighting       | 7 8 9 |  9.5
Axes           | 7 8 9 |  9.5
Fire Magic     | 6 7 |  7.9

Action                     |  1- 3 |  4- 6 |  7- 9 | 10-12 || total
---------------------------+-------+-------+-------+-------++-------
  Melee: Hand axe          |    59 |    49 |     5 |       ||   113
         Bite              |     3 |     8 |     7 |    26 ||    44
         Punch             |       |     1 |     1 |     7 ||     9
         Broad axe         |       |       |    79 |   233 ||   312
   Fire: Sling             |       |     2 |       |       ||     2
   Cast: Scorch            |    12 |    76 |   155 |    97 ||   340
 Invoke: Fiery Armour      |       |       |       |     6 ||     6
         Rising Flame      |       |       |       |     1 ||     1
         Foxfire Swarm     |       |       |       |     2 ||     2
  Evoke: Wand              |       |     1 |       |     7 ||     8
    Use: Scroll            |       |       |    14 |     6 ||    20
         Potion            |       |       |       |    11 ||    11
   Stab: Paralysed         |       |     9 |       |     9 ||    18
         Sleeping          |       |       |       |     3 ||     3
 Armour: Robe              |    40 |    82 |   130 |   312 ||   564
  Dodge: Dodged            |    45 |    39 |   130 |   270 ||   484

Table legend: (Time is in decaauts)
 A = Elapsed time spent in this place.
 B = Non-inter-level travel time spent in this place.
 C = Inter-level travel time spent in this place.
 D = Time resting spent in this place.
 E = Time spent auto-exploring this place.
 F = Levels seen in this place.
 G = Mean time per level.
                   A        B        C        D        E       F      G
               +--------+--------+--------+--------+--------+-----+--------+
         Total |  11900 |  11266 |    634 |   2543 |   6759 |  13 |  915.4 |
       Dungeon |  10863 |  10229 |    634 |   1973 |   6504 |  11 |  987.5 |
        Temple |      1 |      1 |      0 |      0 |      0 |   1 |    1.0 |
      Ice Cave |   1035 |   1035 |      0 |    570 |    255 |   1 | 1035.0 |
               +--------+--------+--------+--------+--------+-----+--------+

Top non-repeatable levels by time:
     D:8: 1774 daAuts
     D:9: 1557 daAuts
     D:7: 1292 daAuts
     D:4: 1227 daAuts
     D:3: 1119 daAuts
   IceCv: 1035 daAuts
     D:6: 1019 daAuts
     D:5: 888 daAuts
     D:1: 882 daAuts
     D:2: 585 daAuts
    D:10: 340 daAuts
    D:11: 175 daAuts
  Temple: 1 daAuts
